 Dungeon Crawl Stone Soup version 0.22-a0-166-g5351223 (webtiles) character file.

8593 Borgoz the Cleaver (level 11, -4/87 HPs)
             Began as a Demonspawn Abyssal Knight on Feb 13, 2018.
             Was a High Priest of Lugonu.
             Slain by a death yak (15 damage)
             ... on level 8 of the Dungeon.
             The game lasted 00:25:07 (10689 turns).

Borgoz the Cleaver (Demonspawn Abyssal Knight)     Turns: 10689, Time: 00:25:08

Health: -4/87      AC:  7    Str: 15    XL:     11   Next: 11%
Magic:  12/12      EV: 15    Int: 17    God:    Lugonu [*****.]
Gold:   461        SH:  0    Dex: 13    Spells: 10/10 levels left

rFire    + . .     SeeInvis +   b - +8 hand axe of Kyityu {flame, Int+3}
rCold    . . .     Gourm    .   (no shield)
rNeg     . . .     Faith    .   w - +1 leather armour {rF+}
rPois    .         Spirit   .   (helmet unavailable)
rElec    .         Reflect  .   (no cloak)
rCorr    +         Harm     .   (no gloves)
MR       .....                  (no boots)
Stlth    +.........             y - amulet of the acrobat
HPRegen  0.24/turn              t - ring of resist corrosion
MPRegen  0.13/turn              (no ring)

@: berserk cooldown, hasted and slowed
A: antennae 3, thin metallic scales 2, spiny 1
a: Depart the Abyss, Bend Space, Banish, Corrupt, Enter the Abyss, Renounce
Religion


You were on level 8 of the Dungeon.
You worshipped Lugonu.
Lugonu was extremely pleased with you.
You were very hungry.

You visited 2 branches of the dungeon, and saw 11 of its levels.
You visited the Abyss 1 time.

You collected 461 gold pieces.

Inventory:

Hand Weapons
 a - a +2 whip of draining
 b - the +8 hand axe of Kyityu (weapon) {flame, Int+3}
   (You found it on level 4 of the Dungeon)

   It has been specially enchanted to burn those struck by it, causing extra
   injury to most foes and up to half again as much damage against particularly
   susceptible opponents.
   Big, fiery blades are also staple armaments of hydra-hunters.
   It affects your intelligence (+3).
Armour
 v - a +0 leather armour of cold resistance
 w - a +1 leather armour of fire resistance (worn)
 C - the +1 chain mail of the Meadowlark {rN+}
   (You found it on level 7 of the Dungeon)

   It protects you from negative energy.
Jewellery
 t - a ring of resist corrosion (left hand)
 y - an amulet of the acrobat (around neck)
 G - an uncursed ring of ice
Wands
 h - a wand of random effects (24)
 n - a wand of clouds (7)
 u - a wand of paralysis (5)
 z - a wand of flame (35)
 B - a wand of polymorph (15)
Scrolls
 f - 2 scrolls of teleportation
 g - a scroll of random uselessness {unknown}
 i - 3 scrolls of remove curse
 o - 6 scrolls of enchant armour {unknown}
 q - a scroll of blinking {unknown}
 r - a scroll of fog {unknown}
 s - 2 scrolls of noise {unknown}
 E - 2 scrolls of amnesia {unknown}
Potions
 d - a potion of curing
 e - 2 potions of brilliance
 j - 2 potions of invisibility
 l - a potion of haste
 D - a potion of cancellation {unknown}
Books
 p - a book of Maledictions

   Spells                             Type                      Level
   a - Corona                         Hexes                        1
   b - Ensorcelled Hibernation        Hexes/Ice                    2
   c - Confuse                        Hexes                        3
   d - Tukima's Dance                 Hexes                        3
   e - Dazzling Spray                 Conjuration/Hexes            3
Comestibles
 c - 11 rations


   Skills:
 + Level 8.3 Fighting
 + Level 11.1(11.2) Axes
 - Level 2.4(7.5) Maces & Flails
 + Level 5.2 Armour
 + Level 7.0 Dodging
 + Level 2.6 Invocations


You had 10 spell levels left.
You didn't know any spells.

Dungeon Overview and Level Annotations

Branches:
Dungeon (10/15)            Temple (1/1) D:5            Lair (0/6) D:8
    Orc: D:9-12

Altars:
Ashenzari
Cheibriados
Dithmenos
Elyvilon
Fedhas
Gozag
Hepliaklqana
Kikubaaqudgha
Makhleb
Nemelex Xobeh
Okawaru
Qazlal
Ru
Sif Muna
Trog
Uskayaw
Vehumet
Wu Jian
Xom
Yredelemnul
Zin
The Shining One


Innate Abilities, Weirdness & Mutations

You have a pair of large antennae on your head. (SInv)
You are mostly covered in thin metallic scales. (AC +3)
You are partially covered in sharp spines.


Message History

The death yak is struck by your spines. The death yak completely misses you.
You slash the death yak! You burn the death yak.
The death yak is severely wounded.
The death yak gores you. x2
You hit the death yak but do no damage.
The death yak is severely wounded.
The death yak closely misses you.
You barely miss the death yak.
The death yak is severely wounded.
The death yak gores you!
* * * LOW HITPOINT WARNING * * *
You feel much better. The death yak closely misses you.
You hit the death yak but do no damage.
The death yak is severely wounded.
The death yak gores you!!
* * * LOW HITPOINT WARNING * * *
The death yak is struck by your spines. The death yak closely misses you.
You feel yourself speed up. The death yak is struck by your spines.
The death yak gores you!
You die...

.# .# #.######## .........##
### ..........##
#.################
...........###.Y@†............#
............##.#############.##
..(..........#.# #.#
(.......Y......# #.#
.<........Y....# #.#
...(...=.......# #.#
..............## #!#
..............)# #.#
...............# #.#


You could see a death yak.

Vanquished Creatures
  A two-headed ogre (D:9)
  The ghost of Azzok the Arsonist, a journeyman DEFE of Vehumet (D:9)
  2 death yaks (D:8)
  Prince Ribbit (D:6)
  2 hippogriffs (D:8)
  A spriggan (D:8)
  A wyvern (D:9)
  4 yaks
  Grum (D:8)
  A hungry ghost (D:9)
  Menkaure (D:7)
  The ghost of DEFE the Vexing, an amateur DEEn (D:3)
  2 black bears
  4 orc warriors
  2 ice beasts
  4 phantoms
  4 centaurs
  4 wolves
  5 ogres
  A big kobold (D:7)
  A bullfrog (D:8)
  4 scorpions
  11 killer bees (D:9)
  2 howler monkeys
  A crimson imp (D:8)
  2 bullfrog skeletons
  A hound (D:6)
  A jelly (D:7)
  5 orc wizards
  3 orc priests
  A gnoll shaman (D:9)
  A centaur skeleton (D:8)
  An iguana (D:9)
  11 worker ants
  A hound zombie (D:8)
  2 hound skeletons
  2 worker ant zombies
  Robin (D:4)
  10 adders
  10 gnolls
  A shadow imp (D:7)
  2 oozes
  2 adder skeletons (D:4)
  An adder zombie (D:8)
  3 worms
  3 leopard geckos
  38 orcs
  9 giant cockroaches
  6 hobgoblins
  11 jackals
  3 quokkas
  2 bats
  A frilled lizard (D:1)
  8 goblins
  A jackal skeleton (D:5)
  7 kobolds
  3 leopard gecko skeletons
  3 rats
218 creatures vanquished.

Notes
Turn   | Place    | Note
-------+----------+-------------------------------------------
     0 | Abyss:1  | Borgoz the Demonspawn Abyssal Knight began the quest for the Orb.
     0 | Abyss:1  | Reached XP level 1. HP: 18/18 MP: 2/2
     6 | Abyss:1  | Found a corrupted altar of Lugonu.
    71 | Abyss:1  | Noticed a small abomination
    90 | Abyss:1  | Noticed a rakshasa
    93 | D:1      | Escaped the Abyss
   406 | D:1      | Reached * piety under Lugonu
   494 | D:1      | Gained mutation: You have a pair of small antennae on your head. [demonic ancestry]
   494 | D:1      | Reached XP level 2. HP: 9/24 MP: 3/3
   744 | D:2      | Reached skill level 1 in Dodging
   747 | D:2      | Found a sparkling altar of Nemelex Xobeh.
  1526 | D:2      | Gained mutation: You have a pair of antennae on your head. [demonic ancestry]
  1526 | D:2      | Reached XP level 3. HP: 24/29 MP: 4/4
  1919 | D:3      | Noticed DEFE's ghost (amateur DEEn)
  2271 | D:4      | Got a transparent hand axe
  2272 | D:4      | Identified the +8 hand axe of Kyityu {flame, Int+3} (You found it on level 4 of the Dungeon)
  2275 | D:4      | Found a blossoming altar of Fedhas.
  2275 | D:4      | Noticed a centaur
  2309 | D:4      | Reached XP level 4. HP: 35/37 MP: 5/5
  2353 | D:4      | Noticed Robin
  2364 | D:4      | Killed Robin
  2680 | D:4      | Gained mutation: You are partially covered in thin metallic scales. (AC +2) [demonic ancestry]
  2680 | D:4      | Reached XP level 5. HP: 28/42 MP: 6/6
  2897 | D:4      | Noticed an ice beast
  2917 | D:3      | Killed an ice beast
  2917 | D:3      | Reached skill level 1 in Axes
  3187 | D:4      | Killed a centaur
  3187 | D:4      | Reached ** piety under Lugonu
  3187 | D:4      | Reached XP level 6. HP: 38/49 MP: 7/7
  3548 | D:3      | Killed DEFE's ghost
  3548 | D:3      | Reached skill level 2 in Axes
  4004 | D:4      | Reached skill level 3 in Axes
  4004 | D:4      | Reached XP level 7. HP: 48/55 MP: 8/8
  4486 | D:5      | Entered Level 5 of the Dungeon
  4509 | D:5      | Reached skill level 5 in Fighting
  4581 | D:5      | Reached skill level 4 in Axes
  4797 | D:5      | Reached *** piety under Lugonu
  5051 | D:5      | Found a staircase to the Ecumenical Temple.
  5093 | Temple   | Entered the Ecumenical Temple
  5434 | D:6      | Reached skill level 5 in Axes
  5434 | D:6      | Gained mutation: You are mostly covered in thin metallic scales. (AC +3) [demonic ancestry]
  5434 | D:6      | Reached XP level 8. HP: 48/62 MP: 9/9
  6196 | D:6      | Reached skill level 6 in Axes
  6676 | D:6      | Noticed Prince Ribbit
  6685 | D:6      | Killed Prince Ribbit
  6685 | D:6      | Reached skill level 7 in Axes
  6685 | D:6      | Gained mutation: You are partially covered in sharp spines. [demonic ancestry]
  6685 | D:6      | Reached XP level 9. HP: 48/69 MP: 10/10
  7265 | D:7      | Noticed Menkaure
  7272 | D:7      | Killed Menkaure
  7272 | D:7      | Reached **** piety under Lugonu
  7622 | D:7      | Found a snail-covered altar of Cheibriados.
  7631 | D:7      | Reached skill level 8 in Axes
  7647 | D:7      | Got an ancient chain mail
  7658 | D:7      | Identified the +1 chain mail of the Meadowlark {rN+} (You found it on level 7 of the Dungeon)
  7780 | D:7      | Reached skill level 5 in Dodging
  8126 | D:8      | Noticed Grum
  8136 | D:8      | Killed Grum
  8163 | D:8      | Reached skill level 9 in Axes
  8192 | D:8      | Noticed a death yak
  8192 | D:8      | Noticed a death yak
  8331 | D:9      | Reached XP level 10. HP: 72/79 MP: 11/11
  8963 | D:9      | Reached ***** piety under Lugonu
  8973 | D:9      | Noticed a two-headed ogre
  8982 | D:9      | Killed a two-headed ogre
  8982 | D:9      | Reached skill level 10 in Axes
  9235 | D:10     | Entered Level 10 of the Dungeon
  9299 | D:9      | Noticed Azzok's ghost (journeyman DEFE)
  9311 | D:9      | Killed Azzok's ghost
  9517 | D:9      | Found an ornate altar of the Wu Jian Council.
  9578 | D:9      | Reached skill level 5 in Armour
 10232 | D:8      | Found a staircase to the Lair.
 10322 | D:8      | Noticed a death yak
 10663 | D:8      | Killed a death yak
 10663 | D:8      | Gained mutation: You have a pair of large antennae on your head. (SInv) [demonic ancestry]
 10663 | D:8      | Reached XP level 11. HP: 86/86 MP: 12/12
 10679 | D:8      | Killed a death yak
 10679 | D:8      | Reached skill level 11 in Axes
 10689 | D:8      | Slain by a death yak

Vault maps used:
D:1:      minmay_arrival_cross
D:2:      nemelex_diamond_rough_becter
D:4:      fedhas_bush_and_centaur_altar, uniq_robin
D:5:      minmay_temple_entry_nine_rooms, first_ration
D:6:      uniq_prince_ribbit1
D:7:      basic_altar, uniq_menkaure
D:8:      dpeg_lair_monsters, the_bakery, uniq_grum
D:9:      lemuel_crystal_altar, grunt_decor_one_mirror,
          hangedman_decor_riveting, grunt_potential
D:10:     basic_altar
Temple:   nicolae_temple_the_god_donut
Abyss:1:  abyss_greek_temple

Skill      XL: |  1  2  3  4  5  6  7  8  9 10 11 |
---------------+----------------------------------+-----
Dodging        | 1 2 3 4 5 6 7 |  7.0
Maces & Flails | 2 |  2.4
Armour         | 2 3 4 5 |  5.2
Fighting       | 4 5 6 7 8 |  8.3
Axes           | 1 3 5 7 9 10 11 | 11.1
Invocations    | |  2.6

Action                   |  1- 3 |  4- 6 |  7- 9 | 10-12 || total
-------------------------+-------+-------+-------+-------++-------
Melee: Mace              |   110 |       |       |       ||   110
       Hand axe          |     4 |    96 |   275 |   172 ||   547
Invok: Depart the Abyss  |     1 |       |       |       ||     1
  Use: Scroll            |     5 |     1 |     3 |     6 ||    15
       Potion            |     4 |     3 |     2 |     5 ||    14
 Stab: Sleeping          |       |       |     1 |       ||     1
  Eat: Chunk             |     4 |     2 |    14 |     5 ||    25
       Ration            |       |     1 |       |     1 ||     2
Armor: Leather armour    |    34 |    25 |    42 |    20 ||   121
       Skin              |     5 |     2 |       |    64 ||    71
Dodge: Dodged            |    83 |    52 |   186 |    93 ||   414

Table legend:
 A = Spawn XP
 B = Non-spawn XP
 C = Spawn XP percentage of total XP
 D = Spawn monster count
 E = Non-spawn monster count
 F = Spawn count percentage of total count
 G = Total turns spent on level
                    A         B        C        D         E        F      G
               +---------+---------+-------+---------+---------+-------+---------
         Total |       0 |   12276 |   0.0 |       0 |     218 |   0.0 | 10689
               +---------+---------+-------+---------+---------+-------+---------
           D:1 |       0 |      17 |   0.0 |       0 |      11 |   0.0 |   869
           D:2 |       0 |      28 |   0.0 |       0 |       8 |   0.0 |   874
           D:3 |       0 |     349 |   0.0 |       0 |      25 |   0.0 |  1115
           D:4 |       0 |     551 |   0.0 |       0 |      34 |   0.0 |  1535
           D:5 |       0 |     447 |   0.0 |       0 |      17 |   0.0 |   732
           D:6 |       0 |    1543 |   0.0 |       0 |      28 |   0.0 |  1512
           D:7 |       0 |    1241 |   0.0 |       0 |      26 |   0.0 |  1154
           D:8 |       0 |    4584 |   0.0 |       0 |      41 |   0.0 |  1341
           D:9 |       0 |    3516 |   0.0 |       0 |      28 |   0.0 |  1257
               +---------+---------+-------+---------+---------+-------+---------
